 Dungeon Crawl Stone Soup version 0.31-a0-845-g9abc20d24f (webtiles) character file.

Game seed: 17469108821137020921

38 wvc the Grave Robber (level 3, -3/24 HPs)
             Began as a Human Necromancer on Oct 1, 2023.
             Slain by a goblin
             ... wielding a +0 club
             ... led by Robin
              (5 damage)
             ... on level 2 of the Dungeon.
             The game lasted 00:04:24 (1270 turns).

wvc the Grave Robber (Human Necromancer)            Turns: 1270, Time: 00:04:25

Health: -3/24      AC:  3    Str:  8    XL:     3   Next: 65%
Magic:  2/6        EV: 12    Int: 17    God:
Gold:   125        SH:  0    Dex: 13    Spells: 5/6 levels left

rFire   . . .        d - +0 quarterstaff
rCold   . . .        (shield currently unavailable)
rNeg    . . .        a - +0 robe
rPois   .            e - +0 hat
rElec   .            g - +0 cloak
rCorr   .            (no gloves)
SInv    .            (no boots)
Will    .....        (no amulet)
Stlth   ++           (no ring)
HPRegen 0.24/turn    (no ring)
MPRegen 0.10/turn

%: no passive effects
@: very slightly contaminated
A: no striking features
a: no special abilities


You were on level 2 of the Dungeon.
You visited 1 branch of the dungeon, and saw 2 of its levels.

You collected 125 gold pieces.

Inventory:

Hand Weapons
 d - a +0 quarterstaff (weapon)
 j - a +1 dagger of speed
Armour
 a - a +0 robe (worn)
 e - a +0 hat (worn)
 g - a +0 cloak (worn)
Scrolls
 h - a scroll of teleportation {unknown}
 i - a scroll of poison {unknown}
Potions
 c - a potion of degeneration {unknown}
 f - a potion of curing {unknown}


   Skills:
 - Level 2.0 Dodging
 - Level 2.0 Stealth
 + Level 2.3 Spellcasting
 * Level 4.9 Necromancy


You had 5 spell levels left.
You knew the following spells:

 Your Spells              Type           Power      Damage    Failure   Level
a - Necrotise             Necr           72%        1d7       2%          1

Your spell library contained the following spells:

 Spells                   Type           Power      Damage    Failure   Level
 Vampiric Draining        Necr           18%        2d7       8%          3
 Animate Dead             Necr           18%        N/A       26%         4
 Agony                    Necr           18%        N/A       56%         5


Dungeon Overview and Level Annotations

Branches:
Dungeon (2/15)

Altars:


Message History

Magic courses through your body.
The hobgoblin hits you but does no damage.
Aiming: Necrotise (safe; 2% risk of failure)
Press: ? - help, Q - select action Shift-Dir - straight line, f/p - hobgoblin
Aim: a hobgoblin (strong, chance to affect: 88%)
The hobgoblin barely resists.
Aiming: Necrotise (safe; 2% risk of failure)
Press: ? - help, Q - select action Shift-Dir - straight line, f/p - hobgoblin
Aim: a hobgoblin (strong, chance to affect: 88%)
You miscast Necrotise.
You are very lightly contaminated with residual magic.
Nothing appears to happen.
The hobgoblin hits you.
Robin hits you from afar with a +0 spear.
The goblin hits you with a +0 club.
* * * LOW HITPOINT WARNING * * *
Aiming: Necrotise (safe; 2% risk of failure)
Press: ? - help, Q - select action Shift-Dir - straight line, f - Robin, p - hobgoblin
Aim: Robin, wielding a +0 spear, wearing a +0 animal skin and wearing a +0 helmet (heavily wounded, chance to affect: 83%)
The goblin writhes in agony.
The hobgoblin closely misses you. Robin throws the goblin at you!
* * * LOW HITPOINT WARNING * * *
The goblin hits you with a +0 club.
* * * LOW HITPOINT WARNING * * *
Aiming: Necrotise (safe; 2% risk of failure)
Press: ? - help, Q - select action Shift-Dir - straight line, f/p - Robin
Aim: Robin, wielding a +0 spear, wearing a +0 animal skin and wearing a +0 helmet (heavily wounded, chance to affect: 83%) Robin writhes in agony.
The hobgoblin hits you.
* * * LOW HITPOINT WARNING * * *
Robin misses you. The goblin misses you.
Aiming: Necrotise (safe; 2% risk of failure)
Press: ? - help, Q - select action Shift-Dir - straight line, f/p - Robin
Aim: Robin, wielding a +0 spear, wearing a +0 animal skin and wearing a +0 helmet (almost dead, chance to affect: 83%) Robin writhes in agony.
You kill Robin!
The dead are walking!
The hobgoblin hits you but does no damage.
The goblin hits you with a +0 club.
You die...

#.g####..#...##>
##..g..#.....##.
. #####........#.
..
####...#.......
...
##Z....#........
.?#.
##..###..........
#....###.)##
##.........
###...gg.##
#.........
)......@##
#.........
#.......#
#.........
#.......8
........).
#.......##
##.....#.
#......?#
<..#####
........# ##
.#####..8 #..#


You could see a hobgoblin (strong, ally target), a goblin (strong) and the
friendly Robin the hobgoblin skeleton.

Vanquished Creatures
  Robin (D:2)
  A dart slug (D:1)
  2 ball pythons (D:1)
  3 endoplasms (D:1)
  2 giant cockroaches (D:1)
  9 goblins
  4 hobgoblins
  A bat (D:1)
  2 frilled lizards
  8 rats (D:1)
33 creatures vanquished.

Vanquished Creatures (collateral kills)
  A goblin (D:2)
1 creature vanquished.

Grand Total: 34 creatures vanquished

Notes
Turn   | Place    | Note
-------+----------+-------------------------------------------
     0 | D:1      | wvc the Human Necromancer began the quest for the Orb.
     0 | D:1      | Reached XP level 1. HP: 13/13 MP: 3/3
   175 | D:1      | Reached XP level 2. HP: 6/19 MP: 1/5
   380 | D:1      | Found a faded altar of an unknown god.
   590 | D:1      | Reached XP level 3. HP: 24/24 MP: 6/6
  1232 | D:2      | Noticed Robin
  1270 | D:2      | Killed Robin
  1270 | D:2      | Slain by a goblin

Illustrated notes

Levels and vault maps discovered:
D:1:      ebering_hopf_link, layout_basic, basic_ecumenical_altar, minivault_24,
          minmay_rat_gold_closets
D:2:      layout_rooms, serial_corexii_hall, corexii_hall_statues_l,
          chequers_hall_statues_y, corexii_hall_statues_i,
          chequers_hall_statues_corner_a, uniq_robin

Action                     || total
---------------------------++-------
  Melee: Quarterstaff      ||    26
   Cast: Necrotise         ||    51
    Use: Potion            ||     1
   Stab: Sleeping          ||     2
 Armour: Robe              ||    32
  Dodge: Dodged            ||    45

Table legend: (Time is in decaauts)
 A = Elapsed time spent in this place.
 B = Non-inter-level travel time spent in this place.
 C = Inter-level travel time spent in this place.
 D = Time resting spent in this place.
 E = Time spent auto-exploring this place.
 F = Levels seen in this place.
 G = Mean time per level.
                   A        B        C        D        E       F      G
               +--------+--------+--------+--------+--------+-----+--------+
         Total |   1277 |   1257 |     20 |     71 |    886 |   2 |  638.5 |
       Dungeon |   1277 |   1257 |     20 |     71 |    886 |   2 |  638.5 |
               +--------+--------+--------+--------+--------+-----+--------+

Top non-repeatable levels by time:
     D:1: 1076 daAuts
     D:2: 201 daAuts
